 Dungeon Crawl Stone Soup version 0.28.0-45-g0d030f2227 (webtiles) character file.

Game seed: 6070439819623826024

2 GreyArmor the Grave Robber (level 1, 0/13 HPs)
             Began as a Human Necromancer on Apr 14, 2022.
             Slain by a bat (1 damage)
             ... on level 1 of the Dungeon.
             The game lasted 00:01:31 (1545 turns).

GreyArmor the Grave Robber (Human Necromancer)      Turns: 1545, Time: 00:01:32

Health: 0/13       AC:  2    Str:  8    XL:     1   Next: 44%
Magic:  2/3        EV: 12    Int: 15    God:
Gold:   12         SH:  0    Dex: 13    Spells: 2/4 levels left

rFire   . . .      SeeInvis .   (no weapon)
rCold   . . .      Faith    .   (no shield)
rNeg    . . .      Spirit   .   a - +0 robe
rPois   .          Reflect  .   (no helmet)
rElec   .          Harm     .   (no cloak)
rCorr   .          Rampage  .   (no gloves)
Will    .....                   (no boots)
Stlth   ++........              (no amulet)
HPRegen 0.04/turn               (no ring)
MPRegen 0.08/turn               (no ring)

@: about to teleport
A: no striking features
a: no special abilities


You were on level 1 of the Dungeon.
You visited 1 branch of the dungeon, and saw 1 of its levels.

You collected 12 gold pieces.

Inventory:

Armour
 a - a +0 robe (worn)
Potions
 b - a potion of lignification {unknown}


   Skills:
 + Level 2.0 Dodging
 + Level 2.0 Stealth
 + Level 2.0 Spellcasting
 + Level 4.1 Necromancy


You had 2 spell levels left.
You knew the following spells:

 Your Spells              Type           Power      Damage    Failure   Level
a - Pain                  Necr           52%        1d6       4%          1
b - Animate Skeleton      Necr           26%        N/A       4%          1

Your spell library contained the following spells:

 Spells                   Type           Power      Damage    Failure   Level
 Vampiric Draining        Necr           13%        2d6       12%         3
 Animate Dead             Necr           6%         N/A       38%         4
 Agony                    Necr           13%        N/A       75%         5


Dungeon Overview and Level Annotations

Branches:
Dungeon (1/15)

Altars:


Message History

Press: ? - help, Shift-Dir - straight line, f/p - gnoll
Aim: a gnoll, wielding a +0 flail (moderately wounded, chance to affect: 76%)
You miscast Pain.
Nothing appears to happen.
The bat closely misses you. The gnoll hits you with a +0 flail!
Ouch! That really hurt!
* * * LOW HITPOINT WARNING * * *
Found 10 gold pieces.
The bat hits you but does no damage. The bat closely misses you.
The bat barely misses you. x2
The bat hits you but does no damage.
You see here 10 gold pieces.
The bat hits you but does no damage. The bat hits you.
* * * LOW HITPOINT WARNING * * *
The bat hits you but does no damage.
Your magical contamination has completely faded away.
The bat barely misses you. The bat closely misses you.
The bat barely misses you. The bat hits you.
* * * LOW HITPOINT WARNING * * *
The bat barely misses you. The bat hits you but does no damage.
The bat barely misses you.
A hobgoblin and a goblin come into view.
The bat closely misses you. x2
The goblin shouts!
The bat hits you but does no damage.
A frilled lizard comes into view.
The bat barely misses you.
As you read the scroll labelled JADOOJEJEEN, it crumbles to dust.
You feel strangely unstable.
It was a scroll of teleportation.
The bat closely misses you. The bat hits you but does no damage.
The bat hits you.
* * * LOW HITPOINT WARNING * * *
A ball python comes into view.
Unknown command.
Sorry, you're not good enough to have a special ability.
You closely miss the goblin.
The frilled lizard hisses angrily.
The ball python hisses angrily.
Your punch misses the goblin. The bat hits you.
You die...

. ##########
...S###########.........
...l..g@bg..............
....######.####.........
. #........##.....$...
#........##.........
#........##.........
#........##.........
#.......g###########
#........# ######+###


You could see a gnoll, a goblin, a bat, a ball python and a frilled lizard.

Vanquished Creatures
  A quokka (D:1)
  A ball python (D:1)
  A bat (D:1)
3 creatures vanquished.

Notes
Turn   | Place    | Note
-------+----------+-------------------------------------------
     0 | D:1      | GreyArmor the Human Necromancer began the quest for the
                  | Orb.
     0 | D:1      | Reached XP level 1. HP: 13/13 MP: 3/3
  1358 | D:1      | Learned a level 1 spell: Animate Skeleton
  1545 | D:1      | Slain by a bat

Illustrated notes

Levels and vault maps discovered:
D:1:      dpeg_arrival_connections, layout_basic, serial_shops, shop, shop,
          shop, shop, shapermc_ecumenical_altar_venn, minmay_tetromino_s4

Action                   || total
-------------------------++-------
Melee: Unarmed           ||     1
 Cast: Pain              ||     5
  Use: Scroll            ||     1
Armor: Robe              ||     9
Dodge: Dodged            ||    14
